 Dungeon Crawl Stone Soup version 0.31-a0-408-gb642c7f9a3 (webtiles) character file.

Game seed: 7808025731891231950

144 Pooter the Chopper (level 5, -4/47 HPs)
             Began as a Minotaur Monk on July 29, 2023.
             Killed by divine providence
             ... invoked by an orc priest
              (9 damage)
             ... on level 3 of the Dungeon.
             The game lasted 00:07:29 (1514 turns).

Pooter the Chopper (Minotaur Monk)                  Turns: 1514, Time: 00:07:29

Health: -4/47      AC:  7    Str: 17    XL:     5   Next: 5%
Magic:  4/4        EV: 15    Int:  7    God:
Gold:   153        SH:  0    Dex: 13    Spells: 4/4 levels left

rFire   + . .        a - +0 hand axe
rCold   . . .        d - orb {light}
rNeg    . . .        n - +1 scale mail {rF+}
rPois   .            (helmet restricted)
rElec   .            (no cloak)
rCorr   .            (no gloves)
SInv    .            (no boots)
Will    .....        (no amulet)
Stlth   +            b - +5 ring of evasion
HPRegen 0.27/turn    (no ring)
MPRegen 0.09/turn

%: no passive effects
@: glowing
A: horns 2, retaliatory headbutt
a: no special abilities


You were on level 3 of the Dungeon.
You visited 1 branch of the dungeon, and saw 3 of its levels.

You collected 153 gold pieces.

Inventory:

Hand Weapons
 a - a +0 hand axe (weapon)
 f - a +1 short sword of venom
   (You took it off a kobold on level 1 of the Dungeon)
Missiles
 k - 2 throwing nets {!f}
 m - 4 poisoned darts (quivered)
 Q - 15 stones
Armour
 d - an orb of light (worn)
 n - a +1 scale mail of fire resistance (worn)
   (You found it on level 2 of the Dungeon)
 r - a +0 chain mail
   (You found it on level 3 of the Dungeon)
Jewellery
 b - a +5 ring of evasion (left hand)
   (You found it on level 1 of the Dungeon)
Wands
 u - a wand of paralysis (8)
   (You found it on level 2 of the Dungeon)
Scrolls
 l - a scroll of blinking {unknown}
 q - a scroll of identify {unknown}
 t - a scroll of teleportation {@r4}
Potions
 c - 2 potions of ambrosia
 h - a potion of heal wounds {unknown}
 i - a potion of brilliance {unknown}
 j - 3 potions of curing {unknown}
 o - a potion of berserk rage {unknown}
 p - a potion of might {unknown}


   Skills:
 + Level 4.4 Fighting
 * Level 5.2 Axes
 - Level 3.2 Dodging
 * Level 2.5 Stealth


You had 4 spell levels left.
You didn't know any spells.
Your spell library contained the following spells:

 Spells                   Type           Power      Damage    Failure   Level
 Slow                     Hex            0%         N/A       86%         1
 Confusing Touch          Hex            0%         N/A       99%         3
 Vampiric Draining        Necr           0%         2d6       99%         3
 Anguish                  Hex/Necr       0%         N/A       100%        4
 Cause Fear               Hex            0%         N/A       100%        4
 Passage of Golubria      Tloc           0%         N/A       100%        4
 Silence                  Hex/Air        0%         N/A       100%        5
 Enfeeble                 Hex            0%         N/A       100%        7
 Lehudib's Crystal Spear  Conj/Erth      0%         10d2      100%        8


Dungeon Overview and Level Annotations

Branches:
Dungeon (3/15) Zot: 16454

Altars:


Innate Abilities, Weirdness & Mutations

You have a pair of horns on your head.
You reflexively headbutt those who attack you in melee.


Message History

The orc completely misses you.
You slash the orc priest! You hit the adder. You hit the orc.
You kill the orc!
You hit the orc. The adder bites you.
The orc priest hits you but does no damage.
The orc hits you but does no damage.
The orc priest calls upon Beogh to heal the orc.
The orc's wounds heal themselves!
The adder bites you but does no damage.
You hit the orc priest.
You kill the orc priest!
You completely miss the adder. You completely miss the rat.
You hit the orc but do no damage. The adder bites you but does no damage.
The orc priest casts a cantrip, but nothing happens.
The rat closely misses you. The orc hits you with a +0 club.
You have reached level 5!
You barely miss the adder. Your headbutt misses the adder. You hit the orc.
You hit the rat but do no damage. The adder closely misses you.
You furiously retaliate!
You headbutt the adder.
The orc priest calls down the wrath of Beogh upon you.
Beogh smites you!
* * * LOW HITPOINT WARNING * * *
The rat misses you. The orc hits you with a +0 club.
* * * LOW HITPOINT WARNING * * *
As you read the scroll of summoning, it crumbles to dust.
Wisps of shadow whirl around you... The adder bites you but does no damage.
The orc priest hits you from afar with a +0 trident.
* * * LOW HITPOINT WARNING * * *
The orc barely misses you. You furiously retaliate!
You headbutt the orc. The rat completely misses you.
The adder barely misses you. The rat attacks as you move away!
The rat barely misses you. The orc hits you with a +0 club.
* * * LOW HITPOINT WARNING * * *
Your ball python barely misses the orc.
Your ball python grabs the orc.
Your ball python constricts the orc.
Your orc hits the orc with a +0 club.
The orc dies!
The rat attacks as you move away! The rat bites you.
* * * LOW HITPOINT WARNING * * *
Found an inky potion.
The rat bites your orc.
The orc priest hits your ball python with a +0 trident!
Your ball python dies!
Your ball python's corpse dissolves into shadows!
Your orc hits the rat with a +0 club.
The rat dies!
Your orc hits the adder but does no damage.
Your orc barely misses the adder.
The adder bites you but does no damage.
Your orc hits the adder with a +0 falchion.
The adder attacks as you move away! The adder closely misses you.
The orc priest invokes the aid of Beogh against you.
Beogh smites you!
You die...

..... .#
#.#..##.# #...
...# #..##...##.#
######..#.)(....#
!......ooo)...###
####.oSo†.......
#..........#.
#@.........#
#.##.......#
#.##.......#
#.##(#####>#
#.##.# .# #.. .#
###


You could see an orc priest, an adder (ally target) and 4 friendly orcs.

Vanquished Creatures
  A scorpion (D:3)
  An orc priest (D:3)
  An adder (D:2)
  An orc (D:3)
  4 endoplasms
  A giant cockroach (D:1)
  6 hobgoblins
  7 jackals (D:1)
  2 quokkas
  6 ball pythons
  5 bats
  A frilled lizard (D:1)
  2 kobolds
  3 rats (D:2)
41 creatures vanquished.

Vanquished Creatures (collateral kills)
  An orc (D:3)
  A rat (D:3)
2 creatures vanquished.

Grand Total: 43 creatures vanquished

Notes
Turn   | Place    | Note
-------+----------+-------------------------------------------
     0 | D:1      | Pooter the Minotaur Monk began the quest for the Orb.
     0 | D:1      | Reached XP level 1. HP: 19/19 MP: 0/0
   155 | D:1      | Reached XP level 2. HP: 20/27 MP: 1/1
   214 | D:1      | Reached skill level 4 in Axes
   229 | D:1      | Reached skill level 1 in Stealth
   575 | D:1      | Found a faded altar of an unknown god.
   634 | D:2      | Reached XP level 3. HP: 31/33 MP: 2/2
  1221 | D:3      | Noticed a scorpion
  1334 | D:3      | Killed a scorpion
  1335 | D:3      | Reached skill level 5 in Axes
  1335 | D:3      | Reached XP level 4. HP: 25/40 MP: 3/3
  1509 | D:3      | Reached XP level 5. HP: 28/47 MP: 4/4
  1514 | D:3      | Killed from afar by an orc priest

Illustrated notes

Levels and vault maps discovered:
D:1:      elethiomel_arrival_shortcut, layout_rooms,
          ebering_ecumenical_altar_rust
D:2:      wander_river, layout_loops_ring
D:3:      layout_basic, biasface_ghost_orc_armoury, uniq_grinder

Skill      XL: |  1  2  3 |
---------------+----------+-----
Axes           | 4 5 |  5.2
Stealth        | 1 2 |  2.5
Fighting       | 4 |  4.4
Dodging        | |  3.2

Action                     |  1- 3 |  4- 6 || total
---------------------------+-------+-------++-------
  Melee: Hand axe          |    63 |     7 ||    70
         Headbutt          |    12 |     1 ||    13
  Throw: Dart              |     3 |       ||     3
    Use: Scroll            |       |     3 ||     3
 Armour: Robe              |     3 |       ||     3
         Ring mail         |     5 |       ||     5
         Scale mail        |    10 |     6 ||    16
  Dodge: Dodged            |    49 |    16 ||    65

Table legend: (Time is in decaauts)
 A = Elapsed time spent in this place.
 B = Non-inter-level travel time spent in this place.
 C = Inter-level travel time spent in this place.
 D = Time resting spent in this place.
 E = Time spent auto-exploring this place.
 F = Levels seen in this place.
 G = Mean time per level.
                   A        B        C        D        E       F      G
               +--------+--------+--------+--------+--------+-----+--------+
         Total |   1544 |   1502 |     42 |    163 |   1021 |   3 |  514.7 |
       Dungeon |   1544 |   1502 |     42 |    163 |   1021 |   3 |  514.7 |
               +--------+--------+--------+--------+--------+-----+--------+

Top non-repeatable levels by time:
     D:2: 741 daAuts
     D:1: 610 daAuts
     D:3: 192 daAuts
